 Dungeon Crawl Stone Soup version 0.24-a0-201-gf205589 (console) character file.

Game seed: 5829849106448662598

344 Voker57 the Slasher (level 6, 0/48 HPs)
             Began as a Demonspawn Gladiator on Mar 22, 2019.
             Slain by a centaur (1 damage)
             ... on level 4 of the Dungeon.
             The game lasted 00:03:05 (2658 turns).

Voker57 the Slasher (Demonspawn Gladiator)          Turns: 2658, Time: 00:03:06

Health: 0/48       AC:  8    Str: 15    XL:     6   Next: 31%
Magic:  6/6        EV:  8    Int:  9    God:
Gold:   174        SH:  0    Dex: 20    Spells: 5/5 levels left

rFire    . . .     SeeInvis .   a - +0 long sword
rCold    . . .     Gourm    .   (no shield)
rNeg     . . .     Faith    .   w - +0 chain mail of the Ladybird {Dex+4}
rPois    .         Spirit   .   (helmet restricted)
rElec    .         Reflect  .   (no cloak)
rCorr    .         Harm     .   (no gloves)
MR       .....                  (no boots)
Stlth    ..........             (no amulet)
HPRegen  0.16/turn              (no ring)
MPRegen  0.10/turn              (no ring)

@: no status effects
A: antennae 2, talons 1
a: no special abilities


You were on level 4 of the Dungeon.
You were not hungry.

You visited 1 branch of the dungeon, and saw 4 of its levels.

You collected 174 gold pieces.

Inventory:

Hand Weapons
 a - a +0 long sword (weapon)
Armour
 b - a +0 leather armour
 c - a +0 helmet
 w - the +0 chain mail of the Ladybird (worn) {Dex+4}
   (You found it on level 4 of the Dungeon)

   It affects your dexterity (+4).
Jewellery
 g - an uncursed ring of see invisible {unknown}
 m - a +2 ring of strength {unknown}
Wands
 s - a wand of flame (9)
Scrolls
 e - 2 scrolls of amnesia {unknown}
 h - 3 scrolls of enchant armour {unknown}
 j - 2 scrolls of fear {unknown}
 k - 4 scrolls of teleportation {unknown}
 l - 6 scrolls of identify {unknown}
 n - a scroll of enchant weapon {unknown}
 t - 3 scrolls of remove curse {unknown}
Potions
 i - 3 potions of flight {unknown}
 o - a potion of cancellation {unknown}
 p - 2 potions of mutation {unknown}
 q - a potion of curing {unknown}
 r - a potion of heal wounds {unknown}
 u - 2 potions of agility {unknown}
Comestibles
 f - 5 rations
 v - 8 chunks of flesh


   Skills:
 + Level 3.7 Fighting
 * Level 5.0 Long Blades
 - Level 1.7 Throwing
 + Level 3.9 Dodging


You had 5 spell levels left.
You didn't know any spells.
Your spell library was empty.

Dungeon Overview and Level Annotations

Branches:
Dungeon (4/15)
 Temple: D:4-7

Altars:
Elyvilon
Fedhas
The Shining One


Innate Abilities, Weirdness & Mutations

You have a pair of antennae on your head.
You have sharp toenails.


Message History

Throwing (i - inventory)
d - a throwing net (quivered)
Press: ? - help, Shift-Dir - straight line, f/p - centaur
Aim: a centaur (severely wounded)
You throw a throwing net. The throwing net hits the centaur.
The centaur is caught in the net!
The centaur is severely wounded.
The centaur struggles against the net.
You hit the centaur.
The centaur is severely wounded.
The centaur struggles against the net. x2
The net rips apart, and the centaur comes free!
You hit the centaur but do no damage. You claw the centaur.
The centaur is almost dead.
The centaur hits you but does no damage.
The centaur hits you.
* * * LOW HITPOINT WARNING * * *
Okay, then.
You completely miss the centaur. Your kick misses the centaur.
The centaur is almost dead.
The centaur hits you.
You die...

....# ##.####...
#...##..<.......
#...#..#.#.......
#....)##.....#..........
#.......................
...).####..##...........
..........................
#...........#.#.........>.
########...##.#...........
#..#.##.##c.........
#.##.##.##@.........
##.##................
#..##..#.##..........
#.##...#.##..))......
#####.##.#...##.)).......
#........##..##(.(.......
#.....#####.###(.........
#...### #.# #........##
#...# #.# #.......## #...#
### #.......# #####
#########


You could see a centaur.

Vanquished Creatures
  2 ogres (D:4)
  Jessica (D:2)
  5 adders
  A river rat (D:3)
  3 worms
  3 dart slugs
  3 leopard geckos (D:3)
  6 orcs (D:4)
  4 giant cockroaches
  12 goblins
  8 hobgoblins
  4 jackals (D:1)
  15 kobolds
  A ball python (D:1)
  4 bats
  4 frilled lizards
  A quokka skeleton (D:4)
  6 rats
83 creatures vanquished.

Notes
Turn   | Place    | Note
-------+----------+-------------------------------------------
     0 | D:1      | Voker57 the Demonspawn Gladiator began the quest for the
                  | Orb.
     0 | D:1      | Reached XP level 1. HP: 16/16 MP: 1/1
    62 | D:1      | Reached skill level 3 in Long Blades
   232 | D:1      | Gained mutation: You have a pair of small antennae on your
                  | head. [demonic ancestry]
   232 | D:1      | Reached XP level 2. HP: 20/22 MP: 2/2
   652 | D:1      | Reached XP level 3. HP: 18/28 MP: 3/3
  1044 | D:2      | Found a glowing golden altar of the Shining One.
  1248 | D:2      | Noticed Jessica
  1252 | D:2      | Killed Jessica
  1252 | D:2      | Gained mutation: You have sharp toenails. [demonic
                  | ancestry]
  1252 | D:2      | Reached XP level 4. HP: 34/34 MP: 4/4
  1613 | D:3      | Found a blossoming altar of Fedhas.
  1621 | D:3      | Reached skill level 4 in Long Blades
  1648 | D:3      | Found a white marble altar of Elyvilon.
  1917 | D:3      | Gained mutation: You have a pair of antennae on your head.
                  | [demonic ancestry]
  1917 | D:3      | Reached XP level 5. HP: 39/41 MP: 5/5
  2138 | D:3      | Found a glowing drain.
  2418 | D:4      | Noticed an ogre
  2427 | D:4      | Killed an ogre
  2436 | D:4      | Noticed an ogre
  2439 | D:4      | Got a jewelled chain mail
  2455 | D:4      | Killed an ogre
  2455 | D:4      | Reached XP level 6. HP: 28/48 MP: 6/6
  2571 | D:4      | Identified the +0 chain mail of the Ladybird {Dex+4} (You
                  | found it on level 4 of the Dungeon)
  2628 | D:4      | Reached skill level 5 in Long Blades
  2657 | D:4      | HP: 1/48 [centaur (4)]
  2658 | D:4      | Slain by a centaur

Levels and vault maps discovered:
D:1:      erik_arrival_triangle_small, layout_basic
D:2:      layout_rooms, first_ration, minmay_tree_intersection,
          grunt_ministairs_9, tso_metal_star, uniq_jessica
D:3:      layout_loops_ring, fedhas_altar_1, lemuel_round_altar,
          gup_sewer_entry_bowl
D:4:      layout_rooms, grunt_gozag_statues

Skill      XL: |  1  2  3  4  5  6 |
---------------+-------------------+-----
Long Blades    | 3 4 5 |  5.0
Dodging        | 3 |  3.9
Fighting       | 3 |  3.7
Throwing       | |  1.7

Action                   |  1- 3 |  4- 6 || total
-------------------------+-------+-------++-------
Melee: Long sword        |    90 |   120 ||   210
       Kick              |       |    38 ||    38
Throw: Throwing net      |     1 |     5 ||     6
 Stab: Held in net/web   |     1 |       ||     1
       Sleeping          |     1 |       ||     1
  Eat: Chunk             |     1 |     5 ||     6
Armor: Leather armour    |    18 |    15 ||    33
       Chain mail        |       |    14 ||    14
Dodge: Dodged            |    78 |    93 ||   171
       Rpst.: Long sword |    23 |    36 ||    59

Table legend:
 A = Non-vault XP
 B = Vault XP
 C = Vault XP percentage of total XP
 D = Non-vault monster count
 E = Vault monster count
 F = Vault count percentage of total count
                 A         B        C        D         E       F
            +---------+---------+-------+---------+---------+-------
      Total |     421 |      71 |  14.4 |      77 |       6 |   7.2
            +---------+---------+-------+---------+---------+-------
        D:1 |      44 |       0 |   0.0 |      25 |       0 |   0.0
        D:2 |      44 |      52 |  54.2 |      17 |       3 |  15.0
        D:3 |      69 |      19 |  21.6 |      23 |       3 |  11.5
        D:4 |     264 |       0 |   0.0 |      12 |       0 |   0.0
            +---------+---------+-------+---------+---------+-------
